 Dungeon Crawl Stone Soup version 0.18.1-8-gdd0e5ea (webtiles) character file.

872 juanjsm the Changer (level 8, -3/45 HPs)
             Began as an Octopode Transmuter on June 7, 2016.
             Slain by juanjsm's ghost (7 damage)
             ... on level 5 of the Dungeon.
             The game lasted 00:19:59 (4565 turns).

juanjsm the Changer (Octopode Transmuter)           Turns: 4565, Time: 00:19:59

Health: -3/45      AC:  1    Str:  8 (9)  XL:     8   Next: 4%
Magic:  13/22      EV: 13    Int: 17 (18) God:
Gold:   272        SH:  0    Dex: 12      Spells: 4 memorised, 1 level left

rFire  x . .     SeeInvis .       - Unarmed
rCold  + . .     Gourm    .     (shield currently unavailable)
rNeg   . . .     Faith    .     (helmet restricted)
rPois  .         Spirit   .     (no amulet)
rElec  .         Dismiss  .     l - ring of magical power
rCorr  .         Reflect  .     o - ring of ice
SustAt .         Harm     .     v - ring of wizardry (curse)
MR     .....                    (no ring)
Stlth  +++.......               (no ring)
                                (no ring)
                                (no ring)
                                (no ring)

@: blade tentacles (expiring), very slightly contaminated, not resistant to
hostile enchantments, fairly stealthy
A: almost no armour, amphibious, 8 rings, constrict 8, tentacle spike 2,
camouflage 1, frail 1, gelatinous body 1
a: End Transformation


You were on level 5 of the Dungeon.
You were hungry.
You had blades for tentacles.
You visited 1 branch of the dungeon, and saw 6 of its levels.

You collected 272 gold pieces.

Inventory:

Hand Weapons
 m - a +2 whip of venom
 q - a +2 whip of venom
 u - a +0 blowgun
Missiles
 a - 142 arrows
 x - 13 poisoned needles (quivered)
Jewellery
 l - a ring of magical power (left scythe-like blade)
 o - a ring of ice (right scythe-like blade)
 v - a cursed ring of wizardry (on tentacle)
Scrolls
 e - a scroll of amnesia {unknown}
 f - 2 scrolls of recharging {unknown}
 i - a scroll of random uselessness {unknown}
 j - 2 scrolls of fog {unknown}
 k - 2 scrolls of enchant armour {unknown}
 p - 2 scrolls of blinking {unknown}
 r - 3 scrolls of remove curse {unknown}
 s - 2 scrolls of enchant weapon {unknown}
 t - 4 scrolls of identify {unknown}
Potions
 h - 2 potions of lignification
Books
 b - a book of Changes

   Spells                             Type                      Level
   a - Beastly Appendage              Transmutation                1
   b - Sticks to Snakes               Transmutation                2
   c - Spider Form                    Transmutation/Poison         3
   d - Ice Form                       Ice/Transmutation            4
   e - Blade Hands                    Transmutation                5
Comestibles
 c - 4 bread rations
 d - a slice of pizza
 g - 11 fruits
 n - a beef jerky
 z - 5 chunks of flesh


   Skills:
 + Level 2.7 Fighting
 + Level 4.3 Dodging
 + Level 3.4 Stealth
 + Level 4.6 Unarmed Combat
 + Level 3.8 Spellcasting
 * Level 4.8 Transmutations
 - Level 1.0 Poison Magic


You had one spell level left.
You knew the following spells:

 Your Spells              Type           Power        Failure   Level  Hunger
a - Beastly Appendage     Trmt           ###...       10%         1    None
b - Spider Form           Trmt/Pois      ##........   28%         3    ###....
c - Ice Form              Ice/Trmt       ###.....     71%         4    ####...
d - Blade Hands           Trmt           ###.......   71%         5    ######.


Dungeon Overview and Level Annotations

Branches:
Dungeon (6/15)
 Temple: D:4-7

Altars:
Fedhas
Okawaru
Ru
Trog

Annotations:
D:5 juanjsm's ghost, novice OpTm


Innate Abilities, Weirdness & Mutations

You cannot wear most types of armour.
You are amphibious.
You can wear up to eight rings at the same time.
You can use your tentacles to constrict eight enemies at once.
Your skin changes colour to match your surroundings (Stealth).
Your rubbery body absorbs attacks (AC +1).
One of your tentacles bears a nasty spike.
You are frail (-10% HP).


Message History

You pierce juanjsm's ghost, but do no damage.
Juanjsm's ghost is moderately damaged.
Juanjsm's ghost hits you!
You barely miss juanjsm's ghost.
Juanjsm's ghost is moderately damaged.
Your transformation is almost over.
Juanjsm's ghost whispers, "The ORB doesn't exist."
Juanjsm's ghost hits you.
* * * LOW HITPOINT WARNING * * *
Drink which item? (? for menu, Esc to quit)
You feel better. Juanjsm's ghost hits you!
* * * LOW HITPOINT WARNING * * *
You closely miss juanjsm's ghost. Your squeeze misses juanjsm's ghost.
Juanjsm's ghost is moderately damaged.
Juanjsm's ghost hits you.
* * * LOW HITPOINT WARNING * * *
You hit juanjsm's ghost.
Juanjsm's ghost is moderately damaged.
Juanjsm's ghost hits you!
You die...

[######............#.#...........
........#.########........###....
#########.## #........>.##...
#..######....###.....#...
###.........####..........
#....####..# #.......### #.##.#
#.# #.......# #. #.# ##.#
##.....## . #.###.@# ##.....##
#.####.##.W#### #.......#
..#..........?## #.......#
##.............###...<...#
#...............###.....##
#...............# ##...##
#........?......# #####
#).....$........#
#...............#


You could see juanjsm's ghost.

Vanquished Creatures
  Edmund (D:4)
  A sky beast (D:5)
  2 ogres
  Blork the orc (D:4)
  A crimson imp (D:5)
  A giant frog skeleton (D:4)
  A hound (D:4)
  3 orc priests (D:4)
  An iguana (D:5)
  A worker ant (D:5)
  An orc wizard (D:4)
  Robin (D:4)
  5 adders
  2 oozes (D:1)
  3 worms
  3 dart slugs
  A giant gecko (D:4)
  11 orcs
  3 giant cockroaches
  17 goblins
  7 hobgoblins
  10 jackals
  5 kobolds
  3 quokkas (D:4)
  A ball python (D:4)
  6 bats
  3 giant newts
  6 rats
101 creatures vanquished.

Vanquished Creatures (others)
  An orc wizard (D:4)
1 creature vanquished.

Grand Total: 102 creatures vanquished

Notes
Turn   | Place    | Note
--------------------------------------------------------------
     0 | D:1      | juanjsm the Octopode Transmuter began the quest for the Orb.
     0 | D:1      | Reached XP level 1. HP: 13/13 MP: 3/3
    43 | D:1      | Reached XP level 2. HP: 18/18 MP: 3/5
   416 | D:1      | Reached XP level 3. HP: 14/23 MP: 6/6
   421 | D:1      | Learned a level 3 spell: Spider Form
   944 | D:2      | Reached skill level 1 in Stealth
  1471 | D:2      | Found an iron altar of Okawaru.
  1600 | D:2      | Reached XP level 4. HP: 18/28 MP: 7/7
  1965 | D:3      | Found a blossoming altar of Fedhas.
  2277 | D:4      | Noticed Robin
  2286 | D:4      | Killed Robin
  2298 | D:4      | Reached XP level 5. HP: 4/33 MP: 9/9
  2964 | D:3      | Learned a level 4 spell: Ice Form
  3249 | D:4      | Noticed an ogre
  3261 | D:4      | Killed an ogre
  3261 | D:4      | Reached XP level 6. HP: 36/39 MP: 10/10
  3318 | D:4      | Noticed Edmund
  3339 | D:4      | Killed Edmund
  3417 | D:5      | Entered Level 5 of the Dungeon
  3434 | D:5      | Noticed a sky beast
  3487 | D:4      | Reached XP level 7. HP: 15/45 MP: 12/12
  3732 | D:4      | Noticed Blork the orc
  3805 | D:4      | Killed Blork the orc
  3868 | D:4      | Found a bloodstained altar of Trog.
  3887 | D:5      | Reached skill level 1 in Poison Magic
  3892 | D:5      | Noticed juanjsm's ghost (novice OpTm)
  4154 | D:5      | Gained mutation: You are frail (-10% HP). [mutagenic meat]
  4155 | D:5      | Gained mutation: One of your tentacles bears a spike. [mutagenic meat]
  4156 | D:5      | Gained mutation: One of your tentacles bears a nasty spike. [mutagenic meat]
  4218 | D:4      | Found a sacrificial altar of Ru.
  4314 | D:4      | Learned a level 5 spell: Blade Hands
  4526 | D:5      | Reached XP level 8. HP: 44/45 MP: 13/13
  4565 | D:5      | Slain by juanjsm's ghost

Skill      XL: |  1  2  3  4  5  6  7 |
---------------+----------------------+-----
Stealth        | 1 2 3 |  3.4
Dodging        | 3 4 |  4.3
Transmutations | 3 4 |  4.8
Fighting       | 2 |  2.7
Spellcasting   | 3 |  3.8
Unarmed Combat | 4 |  4.6
Poison Magic   | 1 |  1.0

Action                   |  1- 3 |  4- 6 |  7- 9 || total
-------------------------+-------+-------+-------++-------
Melee: Unarmed           |    76 |   127 |    69 ||   272
       Constrict         |    22 |    16 |     3 ||    41
       Tentacles         |    20 |    10 |     1 ||    31
       Kick              |    19 |    13 |     2 ||    34
       Punch             |     2 |     2 |       ||     4
 Cast: Beastly Appendage |    21 |    17 |     6 ||    44
       Spider Form       |       |     6 |     5 ||    11
       Ice Form          |       |       |     2 ||     2
       Blade Hands       |       |       |     1 ||     1
  Use: Potion            |       |     1 |     4 ||     5
 Stab: Sleeping          |     8 |     7 |     3 ||    18
  Eat: Chunk             |     2 |     7 |     8 ||    17
Armor: Skin              |     3 |    15 |     6 ||    24
Dodge: Dodged            |    38 |    81 |    42 ||   161
